 Dungeon Crawl Stone Soup version 0.31.0-32-g396128a36d (webtiles) character file.

Game seed: 7537588910661058060

1 Gabide the Caller (level 1, -1/14 HPs)
             Began as a Demigod Summoner on Mar 12, 2024.
             Slain by a goblin
             ... wielding a +0 dagger
              (3 damage)
             ... on level 1 of the Dungeon.
             The game lasted 00:00:37 (26 turns).

Gabide the Caller (Demigod Summoner)                  Turns: 26, Time: 00:00:37

Health: -1/14      AC:  2    Str:  9    XL:     1   Next: 13%
Magic:  5/5        EV: 12    Int: 17    God:
Gold:   0          SH:  0    Dex: 14    Spells: 2/3 levels left

rFire   . . .        (no weapon)
rCold   . . .        (no shield)
rNeg    . . .        a - +0 robe
rPois   .            (no helmet)
rElec   .            (no cloak)
rCorr   .            (no gloves)
SInv    .            (no boots)
Will    .....        (no amulet)
Stlth   ++           (no ring)
HPRegen 0.22/turn    (no ring)
MPRegen 0.09/turn

%: no passive effects
@: no status effects
A: high MP 1, forlorn, divine attributes
a: no special abilities


You were on level 1 of the Dungeon.
You visited 1 branch of the dungeon, and saw 1 of its levels.

Inventory:

Armour
 a - a +0 robe (worn)


   Skills:
 + Level 0.0 Fighting
 + Level 1.8 Dodging
 + Level 1.8 Stealth
 + Level 1.7 Spellcasting
 + Level 3.6 Summonings


You had 2 spell levels left.
You knew the following spells:

 Your Spells              Type           Power      Damage    Failure   Level
a - Summon Small Mammal   Summ           52%        N/A       4%          1

Your spell library contained the following spells:

 Spells                   Type           Power      Damage    Failure   Level
 Call Imp                 Summ           26%        N/A       7%          2
 Call Canine Familiar     Summ           13%        N/A       14%         3
 Summon Blazeheart Golem  Fire/Summ      7%         N/A       67%         4
 Summon Lightning Spire   Summ/Air       7%         N/A       67%         4


Dungeon Overview and Level Annotations

Branches:
Dungeon (1/15)


Innate Abilities, Weirdness & Mutations

You have an increased reservoir of magic. (+10% MP)
You shall have no god before yourself.
Your divine heritage dramatically boosts your attributes as you level up.


Message History

The hobgoblin misses your quokka.
The kobold throws a stone.
The stone closely misses you.
Your quokka bites the hobgoblin but does no damage.
The hobgoblin closely misses your quokka.
The kobold throws a stone.
The stone barely misses you.
Your quokka bites the hobgoblin.
The kobold barely misses you.
You closely miss the kobold.
Your quokka barely misses the hobgoblin.
The kobold misses you. The hobgoblin hits you.
You hit the hobgoblin but do no damage.
The hobgoblin is severely wounded.
Your quokka bites the hobgoblin but does no damage.
The goblin hits your quokka with a +0 dagger.
The hobgoblin closely misses your quokka.
Your quokka misses the goblin. The kobold closely misses you.
Your magical contamination has completely faded away.
You hit the hobgoblin but do no damage.
You punch the hobgoblin, but do no damage.
The hobgoblin is severely wounded.
The goblin hits your quokka with a +0 dagger.
Your quokka bites the goblin.
The hobgoblin misses you. The kobold misses you.
You hit the hobgoblin but do no damage.
The hobgoblin is severely wounded.
The goblin hits your quokka with a +0 dagger.
Your quokka dies!
Your quokka's corpse disappears in a puff of smoke!
The kobold hits you with a +0 short sword.
The hobgoblin barely misses you.
Casting: Summon Small Mammal (safe; 4% risk of failure)
Press: ? - help, Q - select action Dir - look around, f - activate The hobgoblin hits you.
The kobold hits you with a +0 short sword.
* * * LOW HITPOINT WARNING * * *
Unknown command.
Unknown command.
Your quokka barely misses the hobgoblin.
The goblin closely misses you. Magic courses through your body.
Your quokka barely misses the kobold.
The goblin hits you with a +0 dagger.
You die...

## ..#+#+###### #
#..........#
#.#..........#
#.#..........#
#>...........+
#.#..........######
##........@.........
..........gg.......#
##..##..##K..#####.
.. #..##.r†.......
#..##..##........
#..##..###.###...
..##.<##.....# ..
#.. #..# .....# ##
..##. #....


You could see a hobgoblin (ally target), a goblin, a kobold and a friendly
quokka (summoned).

Vanquished Creatures (collateral kills)
  A hobgoblin (D:1)
1 creature vanquished.

Notes
Turn   | Place    | Note
-------+----------+-------------------------------------------
     0 | D:1      | Gabide the Demigod Summoner began the quest for the Orb.
     0 | D:1      | Reached XP level 1. HP: 14/14 MP: 5/5
    26 | D:1      | Slain by a goblin

Illustrated notes

Levels and vault maps discovered:
D:1:      lightli_iron_boxes, layout_basic

Action                     || total
---------------------------++-------
  Melee: Unarmed           ||     5
         Punch             ||     1
   Cast: Summon Small Mamm ||     5
    Use: Potion            ||     1
 Armour: Robe              ||     7
  Dodge: Dodged            ||    10
